[Event "*** Titled Tuesday Blitz"]
[Site "Chess.com"]
[Date "2020.04.28"]
[Round "6"]
[White "FMalexhdez"]
[Black "Boudicca64"]
[Result "0-1"]
[WhiteElo "2104"]
[BlackElo "1912"]
[TimeControl "180+1"]
[EndTime "11:06:58 PDT"]
[Termination "Boudicca64 won on time"]

1. e4 c5 2. Nf3 e6 3. d4 cxd4 4. Nxd4 Nf6 5. Nc3 Nc6 6. Bd3 Nxd4 7. O-O Nc6 8. g4 h5 9. g5 Ng4 10. Bf4 f6 11. e5 Ncxe5 12. h3 fxg5 13. Bg3 h4 14.
hxg4 hxg3 15. fxg3 Qb6+ 16. Kg2 d5 17. Qe2 Nxd3 18. Qxd3 Bd7 19. Qg6+ Kd8 20. Rf7 Qxb2 21. Raf1 Qxc3 22. Rxf8+ Kc7 23. Rxa8 Rxa8 24. Rf7 Rc8 25. Qxe6 Qc6 26. Qe5+ Qd6 27. Qc3+ Qc6 28. Qe5+ Qd6 29.
Qc3+ Kb8 30. Qd3 Bc6 0-1

[Event "*** Titled Tuesday Blitz"]
[Site "Chess.com"]
[Date "2020.04.28"]
[Round "6"]
[White "Alohamora11"]
[Black "ZarinaShafigullina"]
[Result "1-0"]
[WhiteElo "2525"]
[BlackElo "2214"]
[TimeControl "180+1"]
[EndTime "11:07:00 PDT"]
[Termination "Alohamora11 won by checkmate"]

1. e4 c5 2. Nf3 Nc6 3. d4 cxd4 4. Nxd4 e5 5. Nb5 d6 6. N1c3 a6 7. Na3 Be7 8. Nd5 Nf6 9. Bd3 O-O 10. Nc4 Nxd5 11. exd5 Nb4 12. O-O Nxd3 13. Qxd3 f5 14. f3 b5 15. Ne3 f4 16. Nd1 Bf5 17. Qe2 Qb6+ 18. Nf2 Qc5 19. Bxf4 exf4 20. Qxe7 Rae8 21. Qg5 Bg6 22. Rae1 Re3 23. b4 Qb6 24. h4 Bxc2 25. h5 Bd3 26. Rxe3 Bxf1 27. Re7 Rf7 28. Re8+ Rf8 29. Rxf8+ Kxf8 30. Qxf4+ Kg8 31. Kxf1 a5 32. Qe4 axb4 33. Qe8# 1-0

[Event "*** Titled Tuesday Blitz"]
[Site "Chess.com"]
[Date "2020.04.28"]
[Round "6"]
[White "GianmarcoVaR"]
[Black "NFChess13"]
[Result "1-0"]
[WhiteElo "2564"]
[BlackElo "2391"]
[TimeControl "180+1"]
[EndTime "11:07:00 PDT"]
[Termination "GianmarcoVaR won by resignation"]

1. d4 Nf6 2. c4 g6 3. Nf3 Bg7 4. g3 c6 5. Bg2 d5 6. b3 dxc4 7. bxc4 c5 8. Bb2 Qb6 9. Qb3 cxd4 10.
Nxd4 O-O 11. O-O Rd8 12. Nd2 Na6 13. Qxb6 axb6 14. N2b3 Nc5 15. Nxc5 bxc5 16. Nb3 Be6 17. Bxb7 Rab8 18. Nxc5 Bxc4 19. Be5 Nd5 20. Bxb8 Bxa1 21. Rxa1 Rxb8 22. e4 Nc3 23. a4 Kg7 24. Kg2 Be2 25.
Ra3 Nb1 26. Re3 Bc4 27. a5 Nd2 28. a6 Bxa6 29. Bxa6 Rb4 30. Re2 Nc4 31. Bxc4 Rxc4 32. Nd3 f6 33. Nf4 Kf7 34. e5 Rc7 35. Nd5 Rd7 36. e6+ 1-0

[Event "*** Titled Tuesday Blitz"]
[Site "Chess.com"]
[Date "2020.04.28"]
[Round "6"]
[White "Pittiplatsh"]
[Black "JLRHei"]
[Result "0-1"]
[WhiteElo "2436"]
[BlackElo "2302"]
[TimeControl "180+1"]
[EndTime "11:07:00 PDT"]
[Termination "JLRHei won by resignation"]

1. e4 c5 2. Nf3 e6 3. d4 cxd4 4. Nxd4 Nf6 5. Nc3 d6 6. Be3 Be7 7. f3 O-O 8. Qd2 Nc6 9. g4 d5 10. g5 Nxd4 11. Qxd4 Nh5 12. exd5 Bxg5 13. O-O-O Qf6 14. Bxg5 Qxg5+ 15. Kb1 Qf4 16. d6 Qxd4 17. Rxd4 Bd7 18. Ne4 b6 19. Rg1 Rfd8 20. Rg5 g6 21.
Bb5 Kg7 22. Bxd7 Rxd7 23. a4 Nf6 24. a5 Rad8 25. axb6 axb6 26. Rb4 Nxe4 27. fxe4 Rxd6 28. Rgb5 Rd1+ 29. Ka2 R1d2 30. c3 Rg2 31. Rxb6 Rxh2 32.
Rb7 h5 33. Rc7 h4 34. Rbb7 Rf2 35. Rd7 Rh8 36. Rd1 h3 37. Rh1 h2 38. e5 Rg2 39. Rb4 Rg1 0-1

[Event "*** Titled Tuesday Blitz"]
[Site "Chess.com"]
[Date "2020.04.28"]
[Round "6"]
[White "canary2016"]
[Black "ViktoriyaTarasova"]
[Result "0-1"]
[WhiteElo "1882"]
[BlackElo "2290"]
[TimeControl "180+1"]
[EndTime "11:07:00 PDT"]
[Termination "ViktoriyaTarasova won by resignation"]

1. Nf3 d5 2. c4 d4 3. b4 g6 4. Bb2 Bg7 5. g3 e5 6. d3 Ne7 7.
Bg2 O-O 8. O-O a5 9. b5 Nd7 10. Nbd2 Nc5 11. Nb3 Na4 12. Qc2 Nxb2 13. Qxb2 a4 14. Nc5 b6 15. Ne4 Bb7 16. Nfd2 Kh8 17. e3 dxe3 18. fxe3 Qxd3 19. Rae1 Nf5 20. Qc3 Qxc3 21.
Nxc3 Bxg2 22. Kxg2 Rfd8 23. Nde4 Rd3 24. Rf3 Bh6 25.
Nd5 Ra3 26. Re2 Rc8 27. Ndf6 c6 28. Ng4 Bg7 29. bxc6 Rxc6 30. Ngf2 Rxc4 31. g4 Nh4+ 32. Kg3 Nxf3 33. Kxf3 b5 34. Nd6 Rc5 35. Nxf7+ Kg8 36. Nd6 b4 37. Nfe4 Rd5 38. Rc2 h6 39. Rc8+ Kh7 40.
Ne8 Rd1 41. N8f6+ Bxf6 42. Nxf6+ Kg7 43. Ne4 Rxa2 44. Rc7+ Kf8 45. Rc8+ Ke7 46. Rc7+ Kd8 47. Rh7 Rf1+ 48. Kg3 b3 49. Rh8+ Kc7 50. Rh7+ Kc6 51. Rh8 b2 52. Rc8+ Kd7 53. Ra8 b1=Q 54. Ra7+ Kc8 55.
Nd6+ Kb8 56. Rb7+ Qxb7 57. Nxb7 Kxb7 0-1

[Event "*** Titled Tuesday Blitz"]
[Site "Chess.com"]
[Date "2020.04.28"]
[Round "6"]
[White "Ariadna_Atreides"]
[Black "manuellarrea"]
[Result "0-1"]
[WhiteElo "2017"]
[BlackElo "2172"]
[TimeControl "180+1"]
[EndTime "11:07:00 PDT"]
[Termination "manuellarrea won on time"]

1. Nf3 Nf6 2. c4 g6 3. b4 Bg7 4. Bb2 O-O 5. g3 a5 6. b5 b6 7.
Bg2 Bb7 8. O-O c5 9. d4 cxd4 10. Bxd4 d6 11. e3 Nbd7 12. Nbd2 Rc8 13. Nb3 Rxc4 14. Qd3 Rc7 15. a4 Qa8 16. Ne1 Rfc8 17. Bxb7 Qxb7 18. Ng2 Nc5 19. Nxc5 dxc5 20. Be5 Rd7 21.
Qc3 Rcd8 22. Rac1 Ne4 23. Qa1 Bxe5 24. Qxe5 Nd2 25. Qc3 Nxf1 26. Rxf1 Rd1 27. Qc2 Rxf1+ 28. Kxf1 Qf3 29. Ne1 Rd1 30. Qc3 h5 31. h4 e6 32. Qe5 Qh1+ 33. Ke2 Qxe1+ 34. Kf3 Qh1+ 35. Kf4 Rd5 36. Qb8+ Kg7 0-1

[Event "*** Titled Tuesday Blitz"]
[Site "Chess.com"]
[Date "2020.04.28"]
[Round "6"]
[White "Kobalia"]
[Black "AminMolaei"]
[Result "0-1"]
[WhiteElo "2687"]
[BlackElo "2514"]
[TimeControl "180+1"]
[EndTime "11:07:01 PDT"]
[Termination "AminMolaei won on time"]

1. e4 c5 2. Nf3 g6 3. d4 cxd4 4. Nxd4 Nc6 5. c4 Nf6 6. Nc3 d6 7. Be2 Nxd4 8. Qxd4 Bg7 9. Bg5 O-O 10. Qd2 a5 11.
O-O a4 12. Bd3 Qa5 13. Rac1 Be6 14. Bh4 Rfc8 15. Qe2 Qb4 16. a3 Qb3 17. Nb5 Nh5 18.
Qe3 Be5 19. g3 f6 20. Nd4 Bxd4 21. Qxd4 g5 22. Rc3 Qxb2 23. Rb1 Qd2 24. e5 Bf5 25. exf6 Nxf6 26. Bxg5 Qxg5 27. Rxb7 e5 28. Qb6 Ne4 29. Rc1 Qxc1+ 0-1

[Event "*** Titled Tuesday Blitz"]
[Site "Chess.com"]
[Date "2020.04.28"]
[Round "6"]
[White "Quattroporte300"]
[Black "kingofthenil"]
[Result "0-1"]
[WhiteElo "2298"]
[BlackElo "2465"]
[TimeControl "180+1"]
[EndTime "11:07:01 PDT"]
[Termination "kingofthenil won by resignation"]

1. e4 e6 2. d4 d5 3. Nd2 c5 4. Ngf3 Nc6 5. c3 cxd4 6. cxd4 dxe4 7. Nxe4 Nf6 8. Nxf6+ Qxf6 9. Bc4 Bd6 10. O-O O-O 11. Bg5 Qg6 12. Re1 Bd7 13. Rc1 Rac8 14. Bd3 Qh5 15. Be3 Nb4 16. Bb1 Bc6 17. h3 Bxf3 18. Qxf3 Qxf3 19. gxf3 Rfd8 20. Kf1 Kf8 21. Ke2 Nd5 22. Be4 Ke7 23. a3 Kd7 24. Kd3 Rxc1 25. Rxc1 Rc8 26. Rxc8 Kxc8 27. h4 h5 28. Bd2 Kd7 29.
Kc4 Kc6 30. b4 b5+ 31. Kd3 Kd7 32. Ke2 Be7 33. Bg5 Bxg5 34. hxg5 Kd6 35. Kd2 g6 36.
Bd3 a6 37. Kc2 Ne7 38. Be4 Nd5 39. Kb3 Nf4 40. Bb7 h4 41. Bxa6 h3 42. Bxb5 h2 0-1

[Event "*** Titled Tuesday Blitz"]
[Site "Chess.com"]
[Date "2020.04.28"]
[Round "6"]
[White "Iyael"]
[Black "jlandaw"]
[Result "1/2-1/2"]
[WhiteElo "2141"]
[BlackElo "2392"]
[TimeControl "180+1"]
[EndTime "11:07:01 PDT"]
[Termination "Game drawn - insufficient material"]

1. e4 e5 2. Nf3 Nc6 3. Bb5 a6 4. Ba4 Nf6 5. O-O Be7 6. Re1 b5 7. Bb3 d6 8. c3 O-O 9. h3 Na5 10. Bc2 c5 11. d4 Qc7 12. Nbd2 cxd4 13. cxd4 Rd8 14. d5 Bd7 15. Nb3 Rdc8 16. Bd3 Nc4 17. Rb1 a5 18. Bg5 h6 19. Bh4 Bd8 20. Nbd2 Qa7 21. Bxf6 Bxf6 22. Nf1 Bd8 23. b3 Na3 24.
Rb2 Bb6 25. Qe2 Rc3 26. Ng3 Bxf2+ 27. Qxf2 Rxd3 28. Qxa7 Rxa7 29. Rc1 b4 30. Kf2 Bb5 31. Ne2 f5 32. exf5 e4 33. Nfd4 e3+ 34. Kf3 Rd2 35.
Rxd2 exd2 36. Rd1 Bd3 37. Rxd2 Bb1 38. Nc6 Rf7 39. Ned4 g6 40. g4 h5 41. Kf4 hxg4 42.
hxg4 gxf5 43. gxf5 Rh7 44. Rg2+ Kf7 45. Nd8+ Ke8 46.
N8e6 Rh4+ 47. Kg5 Rh7 48. f6 Kf7 49. Nf5 Nb5 50. Nh6+ Rxh6 51. Kxh6 Kxf6 52. Rd2 Nc3 53. Nd8 Bxa2 54. Nb7 Bxb3 55. Nxa5 Bxd5 56. Nb7 Bxb7 57.
Rxd6+ Ke5 58. Rb6 Bd5 59. Rxb4 Ne4 60. Kg6 Nd6 61. Kg5 Ke6 62. Kf4 Bc6 63. Ke3 Kd5 64.
Rd4+ Ke5 65. Rb4 Nf5+ 66. Kd2 Bd5 67. Rb5 Nd6 68. Rxd5+ Kxd5 1/2-1/2

[Event "*** Titled Tuesday Blitz"]
[Site "Chess.com"]
[Date "2020.04.28"]
[Round "6"]
[White "chenxiaoyuer"]
[Black "fabianvivasz"]
[Result "0-1"]
[WhiteElo "2143"]
[BlackElo "2406"]
[TimeControl "180+1"]
[EndTime "11:07:03 PDT"]
[Termination "fabianvivasz won by checkmate"]

1. e4 c5 2. Nf3 d6 3. d4 cxd4 4. Nxd4 Nf6 5. Nc3 a6 6. Be2 e5 7.
Nb3 Be7 8. O-O O-O 9. Kh1 b6 10. f4 Bb7 11. Bf3 Nbd7 12. f5 Rc8 13. Qe2 b5 14. a3 Nb6 15. Na5 Ba8 16. Be3 Nc4 17.
Nxc4 Rxc4 18. Bg5 Qc7 19. Rad1 Rc8 20. Qe3 h6 21. Bxf6 Bxf6 22. Rd3 Bg5 23. Qe2 Qc5 24. Rfd1 b4 25. axb4 Qxb4 26. Rxd6 Qxb2 27. Nd5 Rxc2 28.
Qf1 Bc6 29. f6 Bxd5 30. R6xd5 Bxf6 31. Bg4 Rb8 32. Qf3 Rf2 33. Qg3 Qc2 34. Bf3 Rb1 35. Rxb1 Qxb1+ 36. Rd1 Rf1+ 37. Rxf1 Qxf1# 0-1

[Event "*** Titled Tuesday Blitz"]
[Site "Chess.com"]
[Date "2020.04.28"]
[Round "6"]
[White "djogrodek1"]
[Black "davigator"]
[Result "1/2-1/2"]
[WhiteElo "2549"]
[BlackElo "2394"]
[TimeControl "180+1"]
[EndTime "11:07:04 PDT"]
[Termination "Game drawn by agreement"]

1. d4 e6 2. e4 d5 3. Nd2 c5 4. exd5 exd5 5. Ngf3 Nc6 6. Bb5 Nf6 7. O-O Be7 8. dxc5 Bxc5 9. Re1+ Be7 10. Qe2 Bg4 11.
h3 Bh5 12. b3 Rc8 13. Ba3 Rc7 14. Bxc6+ bxc6 15. g4 Bg6 16. Ne5 Bxc2 17. Rac1 Be4 18. Bxe7 Qxe7 19. Nxc6 Qd6 20. g5 Rxc6 21. Rxc6 Qxc6 22.
gxf6 O-O 23. Nxe4 dxe4 24. fxg7 Re8 25. Qg4 a5 26. Kh2 a4 27. Re3 axb3 28. axb3 Qd5 29. Qg3 f6 30. Qf4 f5 31. Rg3 Qe5 32. Qxe5 Rxe5 33. Kg2 Rb5 34. Kf1 f4 35. Rg4 Rf5 36. Ke2 h5 37. Rg6 Rb5 38. Rf6 f3+ 39. Ke3 Rxb3+ 40. Kxe4 Kxg7 41. Rxf3 Rb4+ 42. Kf5 Kh6 43. Re3 Rb5+ 44. Kf4 Rb4+ 45. Kg3 Rb6 46. h4 Rf6 47. f4 Kg6 48. Kf3 Ra6 49. Rd3 Rb6 50.
Ke4 Ra6 51. Ke5 Ra5+ 52. Ke4 Ra6 53. Rd4 Re6+ 54. Kf3 Ra6 55. Ke4 Re6+ 56. Kf3 Ra6 57. Rd5 Ra3+ 58. Ke4 Rh3 59. Rd6+ Kh7 60. Kf5 Rxh4 61.
Kg5 Rg4+ 62. Kxh5 Rxf4 63. Rd7+ 1/2-1/2

[Event "*** Titled Tuesday Blitz"]
[Site "Chess.com"]
[Date "2020.04.28"]
[Round "6"]
[White "dennisodessa"]
[Black "Feegus"]
[Result "0-1"]
[WhiteElo "2304"]
[BlackElo "2473"]
[TimeControl "180+1"]
[EndTime "11:07:04 PDT"]
[Termination "Feegus won by resignation"]

1. d4 Nf6 2. c4 c5 3. d5 b5 4. cxb5 a6 5. bxa6 g6 6. Nc3 Bxa6 7. e4 Bxf1 8. Kxf1 d6 9. Nf3 Nbd7 10. g3 Bg7 11. Kg2 O-O 12. a4 Ra6 13. Qc2 Qa8 14.
Rd1 Rc8 15. Bd2 e6 16. Bf4 exd5 17. exd5 h6 18. Nb5 Bf8 19. Qd2 Rxa4 20. Rxa4 Qxa4 21. Nxd6 Bxd6 22. Bxd6 Ne4 23. Qf4 Qxd1 24. Qxe4 Nf6 25. Qe5 Nxd5 26. h4 Kh7 27. h5 Ne3+ 28. fxe3 Qe2+ 29.
Kh3 Qxf3 30. hxg6+ fxg6 31. Qe7+ Kg8 32. Qe6+ Kh7 33. Qd7+ Kg8 34. Qxc8+ Kh7 35. Qd7+ Kg8 36. Qe6+ Kh7 37. Qe7+ Kg8 38. Qe6+ Kh7 39. Qe7+ Kg8 40. Qf8+ Qxf8 41. Bxf8 Kxf8 42. Kg4 Ke7 43. Kf4 Kf6 44. g4 Ke6 45. e4 c4 46. g5 h5 0-1

[Event "*** Titled Tuesday Blitz"]
[Site "Chess.com"]
[Date "2020.04.28"]
[Round "6"]
[White "Tall-guy"]
[Black "czasnaszachy"]
[Result "1/2-1/2"]
[WhiteElo "2119"]
[BlackElo "2305"]
[TimeControl "180+1"]
[EndTime "11:07:04 PDT"]
[Termination "Game drawn by repetition"]

1. e4 c5 2. Nf3 e6 3. b3 Qc7 4. Bb2 a6 5. Bd3 d6 6. O-O Nf6 7. e5 Nd5 8. c4 Nf4 9. Be4 d5 10.
Bc2 d4 11. Be4 Nc6 12. Bxc6+ Qxc6 13. d3 Be7 14. Bc1 Ng6 15. Nbd2 b6 16. Ne4 Bb7 17. b4 Qc7 18. bxc5 bxc5 19. Ba3 Bxe4 20. dxe4 Nxe5 21. Nxe5 Qxe5 22. Qa4+ Kf8 23. Qc6 Rd8 24. f4 Qh5 25. f5 e5 26. Bxc5 Re8 27. Bxe7+ Rxe7 28. f6 gxf6 29. Rxf6 Rg8 30. Raf1 Rg7 31. Qc8+ Re8 32. Qc5+ Re7 33. Qc8+ Re8 34. Qc5+ Re7 35. Qc8+ 1/2-1/2

[Event "*** Titled Tuesday Blitz"]
[Site "Chess.com"]
[Date "2020.04.28"]
[Round "6"]
[White "GmSergioBarrientos"]
[Black "JozefKneht"]
[Result "1/2-1/2"]
[WhiteElo "2585"]
[BlackElo "2441"]
[TimeControl "180+1"]
[EndTime "11:07:05 PDT"]
[Termination "Game drawn by repetition"]

1. d4 d5 2. Nf3 Nf6 3. c4 e6 4.
Nc3 Be7 5. Bg5 h6 6. Bh4 O-O 7.
e3 b6 8. Be2 Bb7 9. Bxf6 Bxf6 10. cxd5 exd5 11. b4 c6 12. O-O a5 13. a3 Nd7 14. Qb3 Re8 15. b5 c5 16. Nxd5 Bxd5 17. Qxd5 Qc7 18. Rac1 Rad8 19. Qc6 Qb8 20. Bc4 Re7 21.
Rfd1 Rc8 22. Qd5 g6 23. h4 h5 24. Ng5 Rf8 25. Qc6 Rc8 26. Qf3 Kg7 27. Nxf7 Rxf7 28.
Bxf7 Kxf7 29. Qd5+ Ke7 30. Qe4+ Kf7 31. dxc5 Nxc5 32. Qc4+ Kg7 33. g3 Re8 34. Qd5 Qc7 35. Qf3 Qe7 36. Rd5 Rd8 37. Rcd1 Rxd5 38. Rxd5 Qe6 39.
Rd1 Be7 40. Qc6 a4 41. Rd4 Bf6 42. Rd6 Qf5 43. Qc7+ Kh6 44. Qf7 Ne4 45. Qf8+ Kh7 46. Qf7+ Kh6 47. Qf8+ Kh7 48. Qf7+ Kh6 1/2-1/2

[Event "*** Titled Tuesday Blitz"]
[Site "Chess.com"]
[Date "2020.04.28"]
[Round "6"]
[White "I_Hit_18K_on_BS"]
[Black "barbara25"]
[Result "1-0"]
[WhiteElo "2133"]
[BlackElo "2242"]
[TimeControl "180+1"]
[EndTime "11:07:05 PDT"]
[Termination "I_Hit_18K_on_BS won by resignation"]

1. e4 c5 2. Nf3 d6 3. d4 cxd4 4. Nxd4 Nf6 5. Nc3 a6 6. f3 e5 7.
Nb3 Be7 8. Be3 Be6 9. Qd2 Nbd7 10. O-O-O h5 11. Nd5 Nxd5 12. exd5 Bf5 13. Bd3 Bxd3 14. Qxd3 Bg5 15. Qd2 Bxe3 16. Qxe3 Rc8 17. f4 O-O 18. f5 Nf6 19. h3 Qc7 20. c3 b5 21. g4 b4 22. g5 Nh7 23. g6 fxg6 24.
fxg6 Nf6 25. Rd3 bxc3 26. bxc3 a5 27. Rf1 a4 28. Nd2 Rb8 29. Qg5 a3 30. Nb3 e4 31.
Re3 Qa7 32. Rg3 Rxb3 33. axb3 a2 34. Kb2 Ra8 35. Ra1 Qf2+ 36. Kc1 Qe1+ 37. Kb2 Qe2+ 38. Kc1 e3 39. Qxe3 Qf1+ 40. Kb2 Kh8 41. Rxf1 1-0

[Event "*** Titled Tuesday Blitz"]
[Site "Chess.com"]
[Date "2020.04.28"]
[Round "6"]
[White "VerdeNotte"]
[Black "Abund"]
[Result "1-0"]
[WhiteElo "2812"]
[BlackElo "2665"]
[TimeControl "180+1"]
[EndTime "11:07:06 PDT"]
[Termination "VerdeNotte won by resignation"]

1. e4 c5 2. Nc3 Nc6 3. Bb5 Nd4 4. Nf3 a6 5. Bd3 Nc6 6. O-O d6 7. Bc4 Nf6 8. d4 cxd4 9. Nxd4 e6 10. Nxc6 bxc6 11.
Qe2 d5 12. Bd3 Be7 13. Bf4 O-O 14. Rfe1 Qb6 15. b3 Bb7 16. e5 Nd7 17. Qg4 Kh8 18.
Re3 f5 19. exf6 Nxf6 20. Qxe6 Rae8 21. Na4 Qa5 22. Rae1 Qd8 23. c3 h6 24. Bg6 Bc8 25. Qxc6 Bd7 26. Qxa6 Ng4 27. Bxe8 Nxe3 28. Bxd7 Nxg2 29.
Kxg2 Qxd7 30. Qe6 Qb5 31. Qxe7 Rxf4 32. Qe8+ Qxe8 33. Rxe8+ Kh7 34. f3 Rf8 35. Rxf8 1-0

[Event "*** Titled Tuesday Blitz"]
[Site "Chess.com"]
[Date "2020.04.28"]
[Round "6"]
[White "avantage_ru"]
[Black "axvesik"]
[Result "1-0"]
[WhiteElo "2630"]
[BlackElo "2468"]
[TimeControl "180+1"]
[EndTime "11:07:06 PDT"]
[Termination "avantage_ru won by checkmate"]

1. e4 e6 2. d3 d5 3. Nd2 Nf6 4. Ngf3 c5 5. g3 Nc6 6. Bg2 Be7 7. O-O Qc7 8. Re1 b6 9. Nf1 Bb7 10. Bf4 e5 11. Bg5 dxe4 12. dxe4 Rd8 13. Qb1 Nd4 14.
c3 Ne6 15. Bxf6 Bxf6 16. Ne3 O-O 17. h4 g6 18. Qc2 Bg7 19. Bf1 Qe7 20. Bc4 Nc7 21.
a4 a6 22. Rad1 b5 23. axb5 axb5 24. Nd5 Nxd5 25. Bxd5 Bc8 26. Ra1 Kh8 27. Qe2 Bg4 28. Qe3 f5 29. Nh2 f4 30. Qd3 fxg3 31. fxg3 Bh3 32. Qxb5 Rb8 33. Qe2 c4 34. Rab1 Bh6 35. Nf3 Bg4 36. Rf1 Rb6 37. Qg2 Rbf6 38. Nh2 Qc5+ 39. Kh1 Rf2 40. Rxf2 Rxf2 41. Nxg4 Rxg2 42. Kxg2 Bg7 43. Rf1 h5 44. Nh2 Qb5 45. Rf2 Bh6 46. Nf3 Bg7 47. Ng5 Qc5 48. Rf7 Qe3 49. Bxc4 Bh6 50.
Rh7# 1-0

[Event "*** Titled Tuesday Blitz"]
[Site "Chess.com"]
[Date "2020.04.28"]
[Round "6"]
[White "Rafael_Ventura"]
[Black "uchenic"]
[Result "0-1"]
[WhiteElo "2291"]
[BlackElo "2464"]
[TimeControl "180+1"]
[EndTime "11:07:06 PDT"]
[Termination "uchenic won by resignation"]

1. e4 e6 2. d4 d5 3. Nd2 c5 4.
exd5 Qxd5 5. Ngf3 cxd4 6. Bc4 Qd6 7. O-O Nf6 8. Nb3 Nc6 9. Nbxd4 Nxd4 10. Qxd4 Qxd4 11.
Nxd4 a6 12. Be2 e5 13. Nb3 Bf5 14. c4 Be4 15. Be3 a5 16. Nc5 Bc6 17. b3 Be7 18. Nd3 Nd7 19. g4 O-O 20. Rad1 a4 21. b4 e4 22. Nc5 Nxc5 23. bxc5 Ra5 24. Rd2 Bxc5 25. Bxc5 Rxc5 26. Rfd1 f5 27. gxf5 Rcxf5 28. Rd8 Rxf2 29.
Bg4 g6 30. Be6+ Kg7 31. Rxf8 Rxf8 32. Bd5 Rd8 33. Kf2 Kf6 34. Ke3 Bxd5 35. cxd5 Ke5 36. Rd4 Rxd5 37. Rxe4+ Kd6 38. Rxa4 Rb5 39. h4 Kc5 40.
Rf4 Rb4 41. a3 Rxf4 42. Kxf4 h6 43. Ke5 g5 44. h5 Kc4 45. Kf6 g4 46. Kg6 g3 47. Kxh6 g2 48. Kg7 g1=Q+ 49. Kf7 Kb3 50. h6 Kxa3 51. h7 Qd4 0-1

[Event "*** Titled Tuesday Blitz"]
[Site "Chess.com"]
[Date "2020.04.28"]
[Round "6"]
[White "Eliwood44"]
[Black "maxsergej"]
[Result "1-0"]
[WhiteElo "2318"]
[BlackElo "2132"]
[TimeControl "180+1"]
[EndTime "11:07:07 PDT"]
[Termination "Eliwood44 won on time"]

1. d4 Nf6 2. Bf4 d5 3. e3 g6 4.
c4 Bg7 5. Nc3 O-O 6. Rc1 c5 7.
dxc5 Be6 8. Nf3 Qa5 9. Nd4 Nc6 10. Nb3 Qd8 11. cxd5 Nxd5 12. Nxd5 Bxd5 13. Rc2 Bxb3 14. Qxd8 Rfxd8 15. axb3 Nb4 16. Rd2 Rxd2 17. Kxd2 Bxb2 18. Bc4 Rd8+ 19. Ke2 Bf6 20. Rd1 Rxd1 21. Kxd1 a6 22.
Kd2 h5 23. h3 Kf8 24. e4 Bd4 25. Be3 Bxe3+ 26. Kxe3 e6 27. Kd4 Nc6+ 28. Kc3 Ke7 29. b4 f5 30. Bd3 Kf6 31. f4 e5 32. exf5 gxf5 33. fxe5+ Kxe5 34. g3 Nd4 35. Kd2 a5 36. bxa5 Nb3+ 37. Ke3 Nxc5 38. Be2 Nb3 39. Bxh5 Nxa5 40.
Bf3 b5 41. h4 Nc4+ 42. Kd3 Nd6 43. h5 Kf6 44. Kd4 Kg5 45. Kc5 Nf7 46. Kxb5 Ne5 47. Bd1 f4 48. gxf4+ Kxf4 49. h6 Nf7 50. h7 Kg5 51.
Bc2 1-0

[Event "*** Titled Tuesday Blitz"]
[Site "Chess.com"]
[Date "2020.04.28"]
[Round "6"]
[White "anon132639"]
[Black "obliviate12"]
[Result "0-1"]
[WhiteElo "2667"]
[BlackElo "2813"]
[TimeControl "180+1"]
[EndTime "11:07:08 PDT"]
[Termination "obliviate12 won on time"]

1. d4 Nf6 2. Nf3 d5 3. Bf4 e6 4. e3 Bd6 5. Bg3 O-O 6. Nbd2 c5 7.
c3 Qc7 8. Ne5 Nc6 9. f4 Ne7 10. Bd3 Nf5 11. Bf2 Be7 12. Qf3 Nd6 13. Bh4 b6 14. Bxf6 Bxf6 15. g4 Bb7 16. g5 Be7 17. h4 b5 18. h5 f5 19. gxf6 Bxf6 20.
Qg4 Nf5 21. h6 g6 22. O-O-O b4 23. cxb4 cxd4+ 24. Kb1 Bxe5 25. fxe5 dxe3 26. Nf3 d4 27. Rhg1 Bxf3 28. Qxf3 Qxe5 29. Qc6 Kh8 30. Qd7 Rae8 31.
Qxa7 Re7 32. Qa6 Rb8 33. b5 Nd6 34. b6 Reb7 0-1

[Event "*** Titled Tuesday Blitz"]
[Site "Chess.com"]
[Date "2020.04.28"]
[Round "6"]
[White "TheCount"]
[Black "TerorPtica"]
[Result "0-1"]
[WhiteElo "2626"]
[BlackElo "2911"]
[TimeControl "180+1"]
[EndTime "11:07:08 PDT"]
[Termination "TerorPtica won by resignation"]

1. d4 Nf6 2. c4 e6 3. Nf3 d5 4. Nc3 Bb4 5. Bg5 h6 6. Bxf6 Qxf6 7. e3 O-O 8. Rc1 dxc4 9. Bxc4 c5 10. O-O cxd4 11. Qxd4 Qxd4 12. Nxd4 Bd7 13. Rfd1 Rc8 14. Bb5 Bxc3 15. Rxc3 Rxc3 16. bxc3 Bxb5 17. Nxb5 Nc6 18. Rd7 a6 19. Nd4 Rd8 20. Rxd8+ Nxd8 21. f4 Kf8 22. Kf2 Ke7 23. Ke2 Kd6 24. Kd3 Nc6 25. e4 Nxd4 26.
Kxd4 f6 27. Kc4 Kc6 28. f5 e5 29. Kb4 b6 30. a4 Kd6 31. a5 Kc6 32. c4 h5 33. g3 bxa5+ 34. Kxa5 Kc5 35. Kxa6 Kxc4 36. Kb6 Kd4 37. Kc6 Kxe4 38. Kd6 Kxf5 0-1

[Event "*** Titled Tuesday Blitz"]
[Site "Chess.com"]
[Date "2020.04.28"]
[Round "6"]
[White "JessPinkman"]
[Black "ElHelvetico"]
[Result "0-1"]
[WhiteElo "2475"]
[BlackElo "2642"]
[TimeControl "180+1"]
[EndTime "11:07:08 PDT"]
[Termination "ElHelvetico won on time"]

1. e4 c5 2. Nf3 d6 3. Bb5+ Nd7 4. Be2 Ngf6 5. Nc3 a6 6. a4 b6 7. d4 cxd4 8. Qxd4 Bb7 9. O-O e5 10. Qe3 Be7 11. Rd1 O-O 12. Nd2 Qc7 13. Nc4 Rfd8 14. b3 Rac8 15. Bf3 Nc5 16. Bb2 h6 17. h3 Nfd7 18.
Nd5 Bxd5 19. Rxd5 b5 20. axb5 axb5 21. Na3 Qb7 22. Qe2 Nf6 23. Rdd1 Rb8 24. Re1 Rdc8 25.
g3 Ne6 26. Rad1 Rc6 27. Bg2 Ra6 28. Bf1 Rb6 29. Nb1 Qc7 30. c3 Nc5 31. Qc2 Rc8 32. Ba3 Qb7 33. Bg2 Na6 34. Qd2 Nc5 35. Qc2 Nfd7 36. Nd2 Ne6 37. Bb2 b4 38. c4 Rbc6 39. Qd3 Ndc5 0-1

[Event "*** Titled Tuesday Blitz"]
[Site "Chess.com"]
[Date "2020.04.28"]
[Round "6"]
[White "Muguet7"]
[Black "fidezivkovic"]
[Result "1-0"]
[WhiteElo "2473"]
[BlackElo "2301"]
[TimeControl "180+1"]
[EndTime "11:07:08 PDT"]
[Termination "Muguet7 won by checkmate"]

1. Nf3 Nf6 2. g3 g6 3. Bg2 Bg7 4. O-O O-O 5. d4 d6 6. Nbd2 Nbd7 7. e4 e5 8. c3 a6 9. Re1 Rb8 10. Nc4 Qe7 11. h3 h6 12. a4 Rd8 13. d5 Nf8 14. b4 N6h7 15. Nh4 f5 16. exf5 gxf5 17. Qh5 Qf7 18. Qxf7+ Kxf7 19. Ne3 Kf6 20. Bb2 Ng6 21. Nf3 Bd7 22. c4 Ng5 23. c5 f4 24. Nc4 Nxf3+ 25. Bxf3 Bxh3 26. cxd6 cxd6 27. Kh2 Bf5 28. gxf4 Nxf4 29.
Nxe5 dxe5 30. Bxe5+ Kf7 31. Bxf4 Bxa1 32. Bxb8 Bc3 33.
Bh5+ Kf6 34. Rc1 Bxb4 35. Bg3 Rxd5 36. Bf3 Rd7 37. Bh4+ Ke5 38. Rc4 Bd6 39. Bg3+ Ke6 40. Rh4 Bxg3+ 41. Kxg3 Rh7 42. Kf4 b5 43. axb5 axb5 44.
Rh5 Bd3 45. Bg4+ Kf6 46. Rc5 Bc4 47. Rc6+ Kf7 48. Bh5+ Kg8 49. Rc8+ Kg7 50. Ke5 Rh8 51. Rc7+ Kf8 52. Kf6 Kg8 53. Bg6 Rh7 54. Rc8# 1-0

[Event "*** Titled Tuesday Blitz"]
[Site "Chess.com"]
[Date "2020.04.28"]
[Round "6"]
[White "zmeeed67"]
[Black "Gromes7"]
[Result "0-1"]
[WhiteElo "2368"]
[BlackElo "2156"]
[TimeControl "180+1"]
[EndTime "11:07:08 PDT"]
[Termination "Gromes7 won on time"]

1. d4 Nf6 2. c4 e5 3. dxe5 Ng4 4. Bf4 Nc6 5. Nf3 Bb4+ 6. Nbd2 Qe7 7. a3 Ngxe5 8. Nxe5 Nxe5 9. e3 Bxd2+ 10. Qxd2 O-O 11. Qc3 d6 12. c5 f6 13. cxd6 Qxd6 14. Rd1 Qe7 15.
Be2 c6 16. O-O Bf5 17. Rd4 Rfd8 18. Rfd1 Nf7 19. Bc4 Rxd4 20. Qxd4 Be6 21. Be2 a6 22. Qe4 Re8 23. Bd3 g6 24. Qd4 Bb3 25. Rc1 Rd8 26. Qc3 Be6 27. h4 Qd7 28. Qxf6 Qxd3 29. Qxe6 Qd2 30. Rc5 Qxb2 31. h5 Qb1+ 32. Kh2 Qd3 33. hxg6 hxg6 34. Rg5 Kg7 0-1

[Event "*** Titled Tuesday Blitz"]
[Site "Chess.com"]
[Date "2020.04.28"]
[Round "6"]
[White "chito89"]
[Black "Sychev_Klementy"]
[Result "0-1"]
[WhiteElo "2766"]
[BlackElo "2877"]
[TimeControl "180+1"]
[EndTime "11:07:10 PDT"]
[Termination "Sychev_Klementy won on time"]

1. d4 Nf6 2. c4 g6 3. Nf3 Bg7 4. Nc3 d5 5. e3 O-O 6. cxd5 Nxd5 7. Bc4 Nxc3 8. bxc3 c5 9. O-O Qc7 10. Qe2 Nc6 11. Ba3 b6 12. h3 Bb7 13. Rfd1 Rac8 14.
Bb5 Na5 15. Rab1 Be4 16. Rbc1 Rfd8 17. Nd2 Ba8 18. Nb3 Nxb3 19. axb3 Qb7 20. f3 Qc7 21. dxc5 bxc5 22. c4 Qe5 23. Ba4 Bh6 24. Re1 Rd6 25. Bb2 Qg3 26. Qf2 Qg5 27. Rcd1 Rcd8 28.
Rxd6 Rxd6 29. Ba1 f6 30. e4 Rd2 31. h4 Qf4 32. Re2 Rxe2 33. Qxe2 Qc1+ 34. Kh2 Qxa1 35. Qd3 Qd4 0-1